 Dungeon Crawl Stone Soup version 0.32-a0-18-g89e19f1974 (webtiles) character file.

Game seed: 11070949850641303360

1348 cforsyth the Fighter (level 8, -12/91 HPs)
             Began as an Oni Shapeshifter on Jan 16, 2024.
             Mangled by an orc warrior
             ... wielding a +0 war axe
              (15 damage)
             ... on level 6 of the Dungeon.
             The game lasted 00:04:14 (5717 turns).

cforsyth the Fighter (Oni Shapeshifter)             Turns: 5717, Time: 00:04:14

Health: -12/91     AC:  3    Str: 21    XL:     8   Next: 63%
Magic:  8/8        EV:  9    Int: 11    God:
Gold:   253        SH:  0    Dex:  8    Spells: 7/7 levels left

rFire   . . .        r - +11 falchion "Teozxuatsi" {heavy, rCorr}
rCold   + . .        (no shield)
rNeg    . . .        a - +0 animal skin
rPois   .            (helmet currently unavailable)
rElec   .            (cloak currently unavailable)
rCorr   +            (gloves unavailable)
SInv    .            (boots unavailable)
Will    .....        (no amulet)
Stlth   +            s - ring of protection from cold
HPRegen 0.35/turn    (no ring)
MPRegen 0.11/turn

%: no passive effects
@: beast-form
A: beast (slay +3), large, unfitting armour, horns 1, tough skin 1, double
potion healing, drunken brawling
a: Begin Untransformation


You were on level 6 of the Dungeon.
You were a hulking beast.
You visited 2 branches of the dungeon, and saw 7 of its levels.

You collected 253 gold pieces.

Inventory:

Hand Weapons
 r - the +11 falchion "Teozxuatsi" (weapon) {heavy, rCorr}
   (You found it on level 4 of the Dungeon)

   rCorr:     It protects you from acid and corrosion.
Missiles
 v - a throwing net (quivered)
Armour
 a - a +0 animal skin (worn)
Jewellery
 s - a ring of protection from cold (left hand)
 w - a +6 ring of strength
 y - an amulet of the acrobat
Talismans
 c - a beast talisman
 d - a flux talisman
Wands
 l - a wand of polymorph (7)
 A - a wand of flame (4)
Scrolls
 e - 2 scrolls of revelation {unknown}
 g - 5 scrolls of torment {unknown}
 i - a scroll of brand weapon {unknown}
 j - a scroll of enchant weapon {unknown}
 k - 2 scrolls of poison {unknown}
 m - 3 scrolls of identify {unknown}
 o - 3 scrolls of teleportation {unknown}
 q - a scroll of noise {unknown}
 t - a scroll of amnesia {unknown}
 u - a scroll of silence {unknown}
 D - a scroll of butterflies {unknown}
Potions
 b - 2 potions of lignification
 f - 2 potions of resistance {unknown}
 h - 2 potions of haste {unknown}
 n - 2 potions of cancellation {unknown}
 p - 3 potions of heal wounds {unknown}
 x - 3 potions of curing {unknown}
 z - a potion of enlightenment {unknown}
 B - a potion of magic {unknown}
 C - a potion of attraction {unknown}


   Skills:
 + Level 8.8 Fighting
 - Level 1.7 Dodging
 - Level 4.6 Unarmed Combat
 + Level 6.7 Shapeshifting


You had 7 spell levels left.
You didn't know any spells.
Your spell library contained the following spells:

 Spells                   Type           Power      Damage    Failure   Level
 Sandblast                Erth           0%         2d4       34%         1
 Summon Small Mammal      Summ           0%         N/A       34%         1
 Call Canine Familiar     Summ           0%         N/A       71%         3
 Passwall                 Erth           0%         N/A       71%         3
 Stone Arrow              Conj/Erth      0%         3d7       71%         3
 Tukima's Dance           Hex            0%         N/A       71%         3
 Brom's Barrelling Bould  Conj/Erth      0%         2d3       98%         4
 Dimensional Bullseye     Hex/Tloc       0%         N/A       98%         4
 Iskenderun's Mystic Bla  Conj/Tloc      0%         2d3       98%         4
 Summon Blazeheart Golem  Fire/Summ      0%         N/A       98%         4


Dungeon Overview and Level Annotations

Branches:
Dungeon (6/15)             Temple (1/1) D:4

Altars:
Cheibriados
Gozag
Hepliaklqana
Kikubaaqudgha
Makhleb
Nemelex Xobeh
Ru
Trog
Vehumet
Wu Jian
Xom
Zin
The Shining One

Shops:
D:1 *=(?(


Innate Abilities, Weirdness & Mutations

You are a hulking beast.
Your limbs bulge with bestial killing power. (Slay +3)
You are too large for most types of armour.
You have a pair of small horns on your head.
You have tough skin. (AC +1)
You gain doubled healing and magic from potions.
Whenever you drink a healing potion, you attack all around you.


Message History

a +0 war axe; an orc corpse You slash the orc!
You kill the orc!
The orc hits you with a +0 flail!
Things that are here:
a +0 club; 3 boomerangs; an orc corpse You barely miss the orc.
You punch the orc, but do no damage. The orc hits you with a +0 flail!
An adder comes into view.
The orc warrior hits you with a +0 war axe!
The orc hits you with a +0 flail!
The adder moves out of view.
You are too injured to fight recklessly!
You are too injured to fight recklessly!
You are too injured to fight recklessly!
You are too injured to fight recklessly!
You are too injured to fight recklessly!
You are too injured to fight recklessly!
You are too injured to fight recklessly!
You are too injured to fight recklessly!
You are too injured to fight recklessly!
You are too injured to fight recklessly!
You are too injured to fight recklessly!
You are too injured to fight recklessly!
You are too injured to fight recklessly!
You are too injured to fight recklessly!
You are too injured to fight recklessly!
You are too injured to fight recklessly!
You slash the orc warrior!
The orc warrior is moderately wounded.
The orc barely misses you.
The orc warrior hits you with a +0 war axe!
* * * LOW HITPOINT WARNING * * *
The orc warrior barely misses you. The orc hits you with a +0 flail.
* * * LOW HITPOINT WARNING * * *
You closely miss the orc warrior. You headbutt the orc warrior.
The orc warrior is moderately wounded.
The orc hits you with a +0 flail!
* * * LOW HITPOINT WARNING * * *
The orc warrior hits you with a +0 war axe!
You die...

.. .... .## .... .....# ..# .....
# ......# ..##..... . .......##
#.#.S.. ... ........## #o... ...
.........### #oo# ..#
...........###h# #.#
.............).## ##.#
................# #..# ##
...............#...### ###..###.
............†#####...####[.......
.............# #........#.....
#..........## ##....####.....
#.........# #..### #..###
##........# ##..# ##..# #


You could see an orc warrior, an adder and 2 orcs.

Vanquished Creatures
  Grinder (D:3)
  A water moccasin (D:5)
  2 black bears
  An ogre (D:3)
  2 phantoms
  3 scorpions
  2 hounds
  A jelly (D:3)
  A bombardier beetle (D:6)
  2 orc priests
  Jessica (D:2)
  2 iguanas
  2 orc wizards
  A gnoll (D:1)
  5 adders
  A shadow imp (D:5)
  2 dart slugs
  2 ribbon worms
  11 orcs
  5 bats
  2 endoplasms
  8 giant cockroaches
  8 goblins
  7 hobgoblins
  A jackal (D:4)
  4 quokkas
  5 ball pythons
  A frilled lizard (D:1)
  7 kobolds
  4 rats
95 creatures vanquished.

Notes
Turn   | Place    | Note
-------+----------+-------------------------------------------
     0 | D:1      | cforsyth the Oni Shapeshifter began the quest for the Orb.
     0 | D:1      | Reached XP level 1. HP: 19/19 MP: 1/1
    82 | D:1      | Found Gann's Magic Scroll Emporium.
   118 | D:1      | Found Daeloh's Antique Weapon Shoppe.
   125 | D:1      | Found Idumm's Jewellery Shoppe.
   166 | D:1      | Found Fainadir's General Store.
   244 | D:1      | Reached skill level 2 in Fighting
   244 | D:1      | Reached XP level 2. HP: 28/28 MP: 2/2
   503 | D:1      | Found Tirr's Antique Weapon Boutique.
   660 | D:1      | Reached XP level 3. HP: 16/36 MP: 3/3
  1062 | D:2      | Noticed Jessica
  1078 | D:2      | Killed Jessica
  1079 | D:2      | Reached skill level 3 in Fighting
  1079 | D:2      | Reached XP level 4. HP: 37/45 MP: 4/4
  1938 | D:3      | Reached XP level 5. HP: 30/54 MP: 5/5
  2053 | D:3      | Reached skill level 4 in Fighting
  2338 | D:3      | Noticed an ogre
  2346 | D:3      | Killed an ogre
  2347 | D:3      | Reached XP level 6. HP: 65/65 MP: 6/6
  2355 | D:3      | Noticed Grinder
  2357 | D:3      | Found a faded altar of an unknown god.
  2368 | D:3      | Killed Grinder
  2369 | D:3      | Reached skill level 5 in Fighting
  2369 | D:3      | Reached XP level 7. HP: 39/72 MP: 7/7
  2610 | D:3      | You fall into a shaft and drop 1 floor!
  2945 | D:4      | Identified the +11 falchion "Teozxuatsi" {heavy, rCorr}
  3053 | D:4      | Found a staircase to the Ecumenical Temple.
  3071 | D:4      | Reached skill level 6 in Fighting
  3071 | D:4      | Reached skill level 5 in Shapeshifting
  3082 | Temple   | Entered the Ecumenical Temple
  3898 | D:4      | Found an ornate altar of the Wu Jian Council.
  4005 | D:5      | Entered Level 5 of the Dungeon
  4011 | D:5      | Reached skill level 7 in Fighting
  4011 | D:5      | Reached XP level 8. HP: 60/87 MP: 8/8
  4383 | D:5      | Found a sacrificial altar of Ru.
  4454 | D:5      | Found an opulent altar of Gozag.
  4721 | D:5      | Reached skill level 8 in Fighting
  5717 | D:6      | HP: 3/91 [orc/+0 flail (8)]
  5717 | D:6      | Mangled by an orc warrior

Illustrated notes

Levels and vault maps discovered:
D:1:      mrwooster_arrival_statue_2, layout_basic, serial_shops,
          nicolae_square_shop, shop, shop, shop, nicolae_shop_hallway_stairs
D:2:      layout_basic, uniq_jessica
D:3:      minmay_skewed_foursquare, layout_loops_ring,
          ebering_ecumenical_altar_box, uniq_grinder
D:4:      layout_gridville, marbit_many_paths, minmay_temple_entry_arrows
D:5:      layout_layer_cave, hangedman_ru_absence, kennysheep_mini_moat,
          kennysheep_pointless_box
D:6:      layout_layer_cave, serial_shops, nicolae_shop_behind_doors,
          nicolae_half_adder, uniq_blork_the_orc
Temple:   zaba_magenta_temple

Skill      XL: |  1  2  3  4  5  6  7  8 |
---------------+-------------------------+-----
Fighting       | 2 3 4 5 7 8 |  8.8
Unarmed Combat | 3 4 |  4.6
Shapeshifting  | 4 5 6 |  6.7
Dodging        | |  1.7

Action                     |  1- 3 |  4- 6 |  7- 9 || total
---------------------------+-------+-------+-------++-------
  Melee: Unarmed           |    85 |    96 |    13 ||   194
         Headbutt          |    13 |    17 |    15 ||    45
         Punch             |     3 |     1 |     7 ||    11
         Falchion          |       |       |    80 ||    80
 Armour: Animal skin       |    54 |    65 |   112 ||   231
  Dodge: Dodged            |    40 |    43 |    50 ||   133

Table legend: (Time is in decaauts)
 A = Elapsed time spent in this place.
 B = Non-inter-level travel time spent in this place.
 C = Inter-level travel time spent in this place.
 D = Time resting spent in this place.
 E = Time spent auto-exploring this place.
 F = Levels seen in this place.
 G = Mean time per level.
                   A        B        C        D        E       F      G
               +--------+--------+--------+--------+--------+-----+--------+
         Total |   5777 |   5613 |    164 |      0 |   4897 |   7 |  825.3 |
       Dungeon |   5634 |   5470 |    164 |      0 |   4755 |   6 |  939.0 |
        Temple |    143 |    143 |      0 |      0 |    142 |   1 |  143.0 |
               +--------+--------+--------+--------+--------+-----+--------+

Top non-repeatable levels by time:
     D:5: 1339 daAuts
     D:3: 1066 daAuts
     D:4: 1040 daAuts
     D:1: 1034 daAuts
     D:2: 742 daAuts
     D:6: 411 daAuts
  Temple: 143 daAuts
